 Dungeon Sprint DCSS version 0.30-a0-777-ga9a30cbeda (webtiles) character file.

Game seed: 12140622937865839921

865 sircluck the Cleaver (level 8, -7/79 HPs)
             Began as a Hill Orc Fighter on Feb 13, 2023.
             Mangled by a boulder beetle (10 damage)
             ... in the Dungeon (Sprint VII: "The Pits").
             The game lasted 00:02:56 (560 turns).

sircluck the Cleaver (Hill Orc Fighter)              Turns: 560, Time: 00:02:57

Health: -7/79      AC: 10    Str: 21    XL:     8   Next: 3%
Magic:  8/8        EV: 11    Int:  8    God:
Gold:   0          SH:  5    Dex: 10    Spells: 7/7 levels left

rFire   . . .      SeeInvis .    w - +2 hand axe (freeze)
rCold   . . .      Faith    .    c - +0 buckler
rNeg    . . .      Spirit   .    v - +3 ring mail
rPois   .          Reflect  .    (no helmet)
rElec   .          Harm     .    (no cloak)
rCorr   .          Rampage  .    (no gloves)
Will    .....      NoTele   +    (no boots) Stlth
                                 (no amulet)
HPRegen 0.33/turn                (no ring)
MPRegen 0.11/turn                (no ring)

@: no status effects
A: no striking features
a: no special abilities


You were in the Dungeon.
You visited 1 branch

Inventory:

Hand Weapons
 a - a +0 war axe
 p - a +2 quarterstaff
 q - a +2 trident
 r - a +2 dagger
 s - a +2 falchion
 t - a +2 hand axe
 w - a +2 hand axe of freezing (weapon)
Missiles
 o - 5 stones (quivered)
 x - 3 poisoned darts
Armour
 b - a +0 scale mail
 c - a +0 buckler (worn)
 u - a +3 ring mail
 v - a +3 ring mail (worn)
Scrolls
 j - a scroll of blinking
 l - 5 scrolls of amnesia
 n - 2 scrolls of vulnerability
Potions
 d - a potion of might
 e - 6 potions of curing
 f - a potion of heal wounds
 h - 4 potions of magic
 i - 3 potions of berserk rage
 k - 2 potions of invisibility


   Skills:
 + Level 9.9 Fighting
 + Level 13.1 Axes
 + Level 0.8 Throwing
 + Level 9.0 Armour
 + Level 4.2 Dodging
 + Level 8.1 Shields


You had 7 spell levels left.
You didn't know any spells.
Your spell library was empty.

Dungeon Overview and Level Annotations

Branches:
Dungeon (1/1)

Altars:
Ashenzari
Cheibriados
Dithmenos
Elyvilon
Fedhas
Gozag
Hepliaklqana
Kikubaaqudgha
Makhleb
Nemelex Xobeh
Okawaru
Qazlal
Ru
Sif Muna
Trog
Uskayaw
Vehumet
Wu Jian
Xom
Yredelemnul
Zin
The Shining One
Beogh
Jiyva
Lugonu


Message History

The boulder beetle leaps!
There is an open door here.
The boulder beetle waves its antennae.
The boulder beetle bites you!
You hit the boulder beetle but do no damage.
The boulder beetle is heavily wounded.
You slash the boulder beetle! You freeze the boulder beetle.
The boulder beetle is heavily wounded.
The boulder beetle bites you!
You hit the boulder beetle. You freeze the boulder beetle.
The boulder beetle is severely wounded.
You block the boulder beetle's attack.
You hit the boulder beetle. You freeze the boulder beetle.
The boulder beetle is severely wounded.
You hit the boulder beetle but do no damage.
The boulder beetle is severely wounded.
The boulder beetle bites you!!
* * * LOW HITPOINT WARNING * * *
You hit the boulder beetle. You freeze the boulder beetle.
The boulder beetle is severely wounded.
You hit the boulder beetle. You freeze the boulder beetle.
The boulder beetle is severely wounded.
The boulder beetle bites you!
* * * LOW HITPOINT WARNING * * *
You hit the boulder beetle but do no damage.
The boulder beetle is severely wounded.
The boulder beetle misses you.
You barely miss the boulder beetle.
The boulder beetle is severely wounded.
You hit the boulder beetle but do no damage.
The boulder beetle is severely wounded.
The boulder beetle bites you but does no damage.
You hit the boulder beetle but do no damage.
The boulder beetle is severely wounded.
The boulder beetle leaps!
The boulder beetle curls into a ball and begins rolling!
You hit the boulder beetle but do no damage.
The boulder beetle is severely wounded.
The boulder beetle hits you!
You die...

#_______...#######
##########'##.....
#....'.).'.##.....
##########.##.....
#..........†'.....
#'#####'#####.....
#.#..#).#..##.....
#.#..)..#))#####'#
#@#..####).##.....
#B#..#..#))##.....
#°#..#..#..##.....
#.##'#).#'###...<.
#.#........##.....
#.#........##.....
#'###########.....
#).bb...#).#######
#.b..b..#.# ####


You could see a boulder beetle (rolling).

Vanquished Creatures
  A merfolk siren (D)
  A fire bat (D)
  An orc warrior (D)
  A centaur (D)
  A kobold brigand (D)
  A necrophage (D)
  A crimson imp (D)
  An iron imp (D)
  2 gnolls (D)
  2 adders (D)
  A white imp (D)
  A worm (D)
  A ball python (D)
  An endoplasm (D)
  2 goblins (D)
  2 quokkas (D)
  A bat (D)
  2 frilled lizards (D)
  A kobold (D)
24 creatures vanquished.

Notes
Turn   | Place    | Note
-------+----------+-------------------------------------------
     0 | D        | sircluck the Hill Orc Fighter began the quest for the Orb.
     0 | D        | Reached XP level 1. HP: 19/19 MP: 1/1
    17 | D        | Reached skill level 3 in Axes
    17 | D        | Reached XP level 2. HP: 28/28 MP: 2/2
    21 | D        | Found a bloodstained altar of Trog.
    21 | D        | Found a shimmering blue altar of Sif Muna.
    21 | D        | Found a viscous altar of Jiyva.
    21 | D        | Found a hazy altar of Hepliaklqana.
    21 | D        | Found an opulent altar of Gozag.
    22 | D        | Found a glowing golden altar of the Shining One.
    22 | D        | Found a glowing silver altar of Zin.
    22 | D        | Found a basalt altar of Yredelemnul.
    22 | D        | Found a shimmering altar of Xom.
    22 | D        | Found an ornate altar of the Wu Jian Council.
    22 | D        | Found a sacrificial altar of Ru.
    22 | D        | Found a stormy altar of Qazlal.
    22 | D        | Found an iron altar of Okawaru.
    22 | D        | Found a sparkling altar of Nemelex Xobeh.
    22 | D        | Found a burning altar of Makhleb.
    22 | D        | Found a blossoming altar of Fedhas.
    22 | D        | Found a white marble altar of Elyvilon.
    22 | D        | Found a shadowy altar of Dithmenos.
    22 | D        | Found a snail-covered altar of Cheibriados.
    24 | D        | Found a radiant altar of Vehumet.
    24 | D        | Found a corrupted altar of Lugonu.
    24 | D        | Found a roughly hewn altar of Beogh.
    25 | D        | Found a hide-covered altar of Uskayaw.
    25 | D        | Found an ancient bone altar of Kikubaaqudgha.
    25 | D        | Found a broken altar of Ashenzari.
    99 | D        | Reached skill level 5 in Fighting
   117 | D        | Reached XP level 3. HP: 35/36 MP: 3/3
   125 | D        | Reached skill level 4 in Axes
   125 | D        | Reached skill level 5 in Armour
   189 | D        | Noticed a fire bat
   192 | D        | Noticed a kobold brigand
   198 | D        | Killed a fire bat
   199 | D        | Reached skill level 7 in Axes
   199 | D        | Reached skill level 1 in Dodging
   199 | D        | Reached XP level 4. HP: 24/47 MP: 4/4
   199 | D        | Reached XP level 5. HP: 27/52 MP: 5/5
   205 | D        | Killed a kobold brigand
   206 | D        | Reached skill level 8 in Axes
   206 | D        | Reached XP level 6. HP: 17/61 MP: 6/6
   209 | D        | Reached skill level 9 in Axes
   374 | D        | Noticed an orc warrior
   382 | D        | Killed an orc warrior
   383 | D        | Reached skill level 10 in Axes
   407 | D        | Reached skill level 11 in Axes
   407 | D        | Reached XP level 7. HP: 64/69 MP: 7/7
   433 | D        | Noticed a merfolk siren
   433 | D        | Noticed a boulder beetle
   493 | D        | Killed a merfolk siren
   494 | D        | Reached skill level 13 in Axes
   494 | D        | Reached XP level 8. HP: 40/79 MP: 8/8
   553 | D        | HP: 1/79 [boulder beetle (7)]
   560 | D        | Mangled by a boulder beetle

Illustrated notes

Levels and vault maps discovered:
D:        pitsprint [storerooms_1, entrance_room_1, metal_vault_5, armoury_2,
          mini_pit_1, grid_room_1, main_hall_1, silver_pit, the_coven_3,
          the_vestibule_1, steel_vault_3, golden_pit, hallway_of_sentries,
          crystal_vault_5, iron_vault_4, final_vault]

Skill      XL: |  1  2  3  4  5  6  7 |
---------------+----------------------+-----
Fighting       | 4 5 7 8 9 |  9.9
Axes           | 3 7 8 11 13 | 13.1
Armour         | 4 6 7 8 9 |  9.0
Shields        | 4 6 7 8 |  8.1
Dodging        | 1 2 4 |  4.2
Throwing       | |  0.8

Action                     |  1- 3 |  4- 6 |  7- 9 || total
---------------------------+-------+-------+-------++-------
  Melee: War axe           |     4 |       |       ||     4
         Hand axe          |    20 |    34 |    81 ||   135
  Throw: Stone             |       |       |     5 ||     5
    Use: Potion            |       |       |     6 ||     6
         Scroll            |       |       |     1 ||     1
 Armour: Scale mail        |    10 |       |       ||    10
         Ring mail         |     7 |    21 |    10 ||    38
  Dodge: Dodged            |    19 |    22 |    16 ||    57
  Block: Buckler           |     6 |    11 |     7 ||    24

Table legend: (Time is in decaauts)
 A = Elapsed time spent in this place.
 B = Non-inter-level travel time spent in this place.
 C = Inter-level travel time spent in this place.
 D = Time resting spent in this place.
 E = Time spent auto-exploring this place.
 F = Levels seen in this place.
 G = Mean time per level.
                   A        B        C        D        E       F      G
               +--------+--------+--------+--------+--------+-----+--------+
         Total |    519 |    492 |     27 |      0 |    176 |   1 |  519.0 |
       Dungeon |    519 |    492 |     27 |      0 |    176 |   1 |  519.0 |
               +--------+--------+--------+--------+--------+-----+--------+

Top non-repeatable levels by time:
       D: 519 daAuts
